 Dungeon Crawl Stone Soup version 0.28-a0-895-g6e5f11bd55 (webtiles) character file.

Game seed: 17317758003325252640

409 vineage the Fighter (level 6, 0/44 HPs)
             Began as a Gargoyle Fighter on Nov 22, 2021.
             Slain by a goblin (2 damage)
             ... led by Robin
             ... on level 3 of the Dungeon.
             The game lasted 00:03:50 (2448 turns).

vineage the Fighter (Gargoyle Fighter)              Turns: 2448, Time: 00:03:51

Health: 0/44       AC: 12    Str: 20    XL:     6   Next: 89%
Magic:  6/6        EV:  9    Int:  8    God:
Gold:   196        SH:  4    Dex: 11    Spells: 5/5 levels left

rFire   . . .      SeeInvis .   k - +3 flail
rCold   . . .      Faith    .   c - +0 buckler
rNeg    + + .      Spirit   .   b - +0 scale mail
rPois   ∞          Reflect  .   m - +0 helmet
rElec   +          Harm     .   (no cloak)
rCorr   .          Rampage  .   (no gloves)
Will    .....                   (no boots)
Stlth   ..........              (no amulet)
HPRegen 0.14/turn               e - ring of positive energy
MPRegen 0.10/turn               (no ring)

@: about to teleport
A: sickness immunity, AC +4, negative energy resistance 1, electricity
resistance, torment resistance 1, petrification resistance
a: no special abilities


You were on level 3 of the Dungeon.
You visited 1 branch of the dungeon, and saw 3 of its levels.
You also visited: Sewer.

You collected 196 gold pieces.

Inventory:

Hand Weapons
 k - a +3 flail (weapon)
Armour
 b - a +0 scale mail (worn)
 c - a +0 buckler (worn)
 m - a +0 helmet (worn)
Jewellery
 e - a ring of positive energy (left hand)
Scrolls
 n - a scroll of amnesia
Potions
 a - 2 potions of invisibility {unknown}
 d - a potion of brilliance {unknown}
 f - 5 potions of heal wounds {unknown}
 g - a potion of flight {unknown}
 h - a potion of magic {unknown}
 i - a potion of attraction {unknown}
 j - a potion of ambrosia {unknown}
 o - a potion of cancellation {unknown}


   Skills:
 + Level 8.2 Fighting
 - Level 2.0 Maces & Flails
 - Level 3.2 Armour
 - Level 3.2 Shields


You had 5 spell levels left.
You didn't know any spells.
Your spell library was empty.

Dungeon Overview and Level Annotations

Branches:
Dungeon (3/15)              Sewer (visited)

Altars:

Shops:
D:2 :

Annotations:
D:3 Robin


Innate Abilities, Weirdness & Mutations

You are immune to sickness and miasma.
Your stone body is resilient. (AC +4)
You are immune to poison.
You resist negative energy. (rN+)
You are resistant to electric shocks. (rElec)
You are resistant to unholy torment.
You are immune to petrification.


Message History

The hobgoblin misses you. The goblin barely misses you.
The goblin hits you but does no damage. x2; The goblin hits you with a +0 club.
A goblin comes into view. It is wielding a +0 club.
You sock the goblin!
You kill the goblin!
Robin roars a battlecry!
The goblins go into a battle-frenzy!
You block the hobgoblin's attack. The goblin hits you but does no damage.
The goblin barely misses you. The goblin hits you but does no damage.
Robin throws the goblin at you!
As you read the scroll of teleportation, it crumbles to dust.
You feel strangely unstable.
The hobgoblin hits you but does no damage.
The goblin hits you but does no damage. The goblin hits you with a +0 hand axe.
The goblin closely misses you. The goblin barely misses you.
Robin hits you but does no damage.
You sock the goblin!
You kill the goblin!
The hobgoblin closely misses you. The goblin closely misses you.
The goblin hits you with a +0 hand axe. The goblin hits you with a +0 club.
Robin throws the goblin at you! The goblin hits you but does no damage.
The hobgoblin closely misses you.
You hit the goblin.
You kill the goblin!
The goblin closely misses you. The goblin hits you but does no damage.
Robin throws the goblin at you! The hobgoblin hits you.
The goblin hits you but does no damage. You block the goblin's attack.
The goblin hits you with a +0 club.
* * * LOW HITPOINT WARNING * * *
Your scale mail prevents you from hitting the goblin.
The goblin hits you but does no damage. Robin hits you with a +0 mace.
* * * LOW HITPOINT WARNING * * *
The hobgoblin hits you.
* * * LOW HITPOINT WARNING * * *
The goblin hits you with a +0 club.
* * * LOW HITPOINT WARNING * * *
The goblin hits you with a +0 hand axe.
* * * LOW HITPOINT WARNING * * *
The goblin barely misses you. The goblin hits you with a +0 club.
You die...

.....#.#. .......
...... ..... #...#
#.gg### #.gg#.##
..###g@#..##
#....ggg...##
#.###..#....####+###
#..#.....#.....#
#..##....#..)..# #.#
#..###...'.....+ #.#
#..####..#.....# #.#
#.†#.###.#..)..#
##.#
#..#..######'###


You could see Robin, a hobgoblin (strong) and 6 goblins.

Vanquished Creatures
  3 kobold brigands (Sewer)
  A water moccasin skeleton (D:2)
  Terence (D:2)
  4 adders
  2 worms
  A dart slug (D:2)
  An orc (D:3)
  6 ball pythons
  4 endoplasms
  10 giant cockroaches
  9 goblins
  5 hobgoblins
  3 jackals (D:3)
  22 kobolds
  A quokka (D:1)
  8 bats
  A frilled lizard (D:2)
  13 rats
95 creatures vanquished.

Vanquished Creatures (others)
  A demonic plant (D:1)
  3 plants (Sewer)
4 creatures vanquished.

Grand Total: 99 creatures vanquished

Notes
Turn   | Place    | Note
-------+----------+-------------------------------------------
     0 | D:1      | vineage the Gargoyle Fighter began the quest for the Orb.
     0 | D:1      | Reached XP level 1. HP: 14/14 MP: 1/1
   116 | D:1      | Reached XP level 2. HP: 15/20 MP: 2/2
   121 | D:1      | Reached skill level 4 in Fighting
   689 | D:1      | Reached XP level 3. HP: 24/24 MP: 3/3
   711 | D:1      | Found a faded altar of an unknown god.
   711 | D:1      | Noticed a hell beast
   990 | D:2      | Found Yxogir's Book Emporium.
  1082 | D:2      | Reached skill level 5 in Fighting
  1212 | D:2      | Reached XP level 4. HP: 30/32 MP: 4/4
  1233 | D:2      | Noticed Terence
  1241 | D:2      | Killed Terence
  1242 | D:2      | Reached skill level 6 in Fighting
  1242 | D:2      | Reached XP level 5. HP: 22/36 MP: 5/5
  1899 | D:3      | Found a glowing drain.
  1947 | Sewer    | Entered a sewer
  1997 | Sewer    | Noticed a kobold brigand
  2006 | Sewer    | Killed a kobold brigand
  2007 | Sewer    | Reached skill level 7 in Fighting
  2007 | Sewer    | Reached XP level 6. HP: 40/44 MP: 6/6
  2268 | Sewer    | Reached skill level 8 in Fighting
  2435 | D:3      | Noticed Robin
  2448 | D:3      | HP: 2/44 [goblin[Robin] (2)]
  2448 | D:3      | Slain by a goblin

Illustrated notes

Levels and vault maps discovered:
D:1:      lightli_arrival_isolated_outpost, layout_rooms,
          dreamdust_ecumenical_altar_sealed_demon, chequers_mini_garden
D:2:      layout_basic, serial_shops, nicolae_shop_trees, uniq_terence
D:3:      layout_basic, portal_sewer_entry_a, minmay_quadrilaterals, uniq_robin,
          uniq_crazy_yiuf_cottage

Skill      XL: |  1  2  3  4  5  6 |
---------------+-------------------+-----
Fighting       | 4 5 6 7 8 |  8.2
Maces & Flails | |  2.0
Armour         | |  3.2
Shields        | |  3.2

Action                   |  1- 3 |  4- 6 || total
-------------------------+-------+-------++-------
Melee: Flail             |    56 |   164 ||   220
       Whip              |    64 |       ||    64
  Use: Scroll            |     3 |     3 ||     6
       Potion            |       |     1 ||     1
Armor: Scale mail        |    65 |   155 ||   220
Dodge: Dodged            |    63 |    84 ||   147
Block: Buckler           |    22 |    45 ||    67

Table legend: (Time is in decaauts)
 A = Elapsed time spent in this place.
 B = Non-inter-level travel time spent in this place.
 C = Inter-level travel time spent in this place.
 D = Time resting spent in this place.
 E = Time spent auto-exploring this place.
 F = Levels seen in this place.
 G = Mean time per level.
                   A        B        C        D        E       F      G
               +--------+--------+--------+--------+--------+-----+--------+
         Total |   2548 |   2469 |     79 |      0 |   1839 |   4 |  637.0 |
       Dungeon |   2088 |   2009 |     79 |      0 |   1544 |   3 |  696.0 |
         Sewer |    460 |    460 |      0 |      0 |    294 |   1 |  460.0 |
               +--------+--------+--------+--------+--------+-----+--------+

Top non-repeatable levels by time:
     D:1: 980 daAuts
     D:2: 949 daAuts
   Sewer: 460 daAuts
     D:3: 159 daAuts
